Colorado Rockies vs Philadelphia Flyers
Created - Saturday, August 24, 2024 at 08:34
Goals
|
| Colorado Rockies |
1 |
1 |
0 |
2 |
| Philadelphia Flyers |
0 |
1 |
2 |
3 |
|
Shots
|
| Colorado Rockies |
14 |
13 |
24 |
51 |
| Philadelphia Flyers |
7 |
4 |
17 |
28 |
|
1st period
1. Colorado Rockies , Nikita Kucherov 5 (Jesper Bratt 5) at 18:06
Penalties :
Evgeny Kuznetsov (COL) for Roughing (Minor) at 1:23, Ben Chiarot (PHI) for High sticking (Minor) at 3:58, Matt Duchene (PHI) for Interference (Minor) at 8:10, Auston Matthews (PHI) for Delaying the game (Minor) at 15:17, Justin Faulk (PHI) for Delaying the game (Minor) at 18:17
2nd period
2. Colorado Rockies , David Pastrnak 5 (Tim Stutzle 4, Mattias Norlinder 1) at 3:03
3. Philadelphia Flyers , Sonny Milano 3 (Matt Roy 2) at 8:52
Penalties :
Victor Hedman (COL) for High sticking (Minor) at 9:15
3rd period
4. Philadelphia Flyers , Matt Duchene 3 (Andrew Copp 2) at 0:41 (PP)
5. Philadelphia Flyers , Sean Kuraly 2 (Radek Faksa 2, Sonny Milano 2) at 3:08
Penalties :
Ryan O'Reilly (COL) for Cross-checking (Minor) at 0:39, Sean Kuraly (PHI) for Tripping (Minor) at 6:59
Goalie Stats
Joey Daccord (COL), 25 saves from 28 shots - (0.893), L, 0-2-0, 59:11 minutes
Jake Allen (PHI), 49 saves from 51 shots - (0.961), W, 2-1-0, 60:00 minutes
Players Stats for Colorado Rockies
Player Name G A P +/- PIM S H SB GA TA FO MP PP MP PK MP
------------------------------------------------------------------------------------
David Pastrnak 1 0 1 0 0 6 2 0 0 0 1/1 22:44 4:57 1:58
Evgeny Kuznetsov 0 0 0 -1 2 2 0 1 0 0 2/4 6:24 0:02 0:00
Jesper Bratt 0 1 1 1 0 3 1 1 0 0 1/3 19:40 4:56 2:01
Kevin Hayes 0 0 0 0 0 0 1 0 0 0 0/0 1:32 0:02 0:00
Kyle Connor 0 0 0 0 0 3 1 0 0 0 0/1 20:52 4:57 0:01
Kyle Palmieri 0 0 0 0 0 3 1 1 1 0 0/2 11:21 0:00 0:01
Martin Fehervary 0 0 0 -1 0 2 2 0 0 3 0/0 22:54 5:09 2:06
Mattias Norlinder 0 1 1 0 0 1 1 2 0 0 0/0 14:15 0:00 0:43
Michael Bunting 0 0 0 0 0 1 2 0 0 0 0/0 11:15 0:00 0:00
Nick Bonino 0 0 0 -1 0 2 0 0 1 0 1/1 6:12 0:00 0:00
Nick Schmaltz 0 0 0 -1 0 5 0 0 1 0 0/4 15:58 0:00 0:00
Nikita Kucherov 1 0 1 1 0 4 1 1 0 0 2/4 19:27 4:56 1:58
Nikita Zadorov 0 0 0 -1 0 2 1 1 0 0 0/0 22:49 5:09 2:21
Quinn Hughes 0 0 0 1 0 0 1 1 0 2 0/0 23:43 4:46 2:03
Ryan O'Reilly 0 0 0 1 2 3 3 0 0 0 14/21 19:39 4:56 2:01
Tim Stutzle 0 1 1 0 0 8 2 0 1 0 7/20 20:49 4:59 0:00
Victor Hedman 0 0 0 1 2 2 0 1 0 0 0/0 22:56 4:46 0:47
Vince Dunn 0 0 0 0 0 4 0 2 0 0 0/0 13:27 0:00 0:00
Players Stats for Philadelphia Flyers
Player Name G A P +/- PIM S H SB GA TA FO MP PP MP PK MP
------------------------------------------------------------------------------------
Alexander Wennberg 0 0 0 0 0 0 2 2 1 0 0/0 18:00 1:48 4:56
Andrew Copp 0 1 1 0 0 1 0 1 0 0 4/10 11:33 1:48 0:00
Auston Matthews 0 0 0 0 2 2 2 0 0 0 8/11 13:43 2:12 0:39
Ben Chiarot 0 0 0 2 2 2 0 1 0 0 0/0 14:09 0:00 0:00
Bryan Rust 0 0 0 0 0 1 2 0 0 0 0/1 12:46 2:12 0:00
Casey Cizikas 0 0 0 0 0 1 2 1 0 0 10/21 16:11 0:00 4:17
Connor Murphy 0 0 0 0 0 0 3 1 0 0 0/0 20:33 0:00 4:52
Jack McBain 0 0 0 0 0 3 1 0 0 0 1/1 13:40 2:11 0:06
Jonas Brodin 0 0 0 -2 0 2 0 2 0 0 0/0 23:00 2:11 5:03
Justin Faulk 0 0 0 -2 2 3 0 3 0 1 0/0 22:07 1:49 4:00
Matt Duchene 1 0 1 0 2 2 0 0 0 0 0/1 11:32 1:48 0:00
Matt Roy 0 1 1 2 0 0 3 2 0 0 0/0 19:57 0:00 5:17
Radek Faksa 0 1 1 0 0 1 1 0 1 1 9/14 18:38 0:00 4:48
Sean Kuraly 1 0 1 0 2 2 4 1 1 0 0/1 17:54 0:00 3:55
Sonny Milano 1 1 2 0 0 3 0 1 0 1 0/0 13:43 0:00 0:00
Trevor van Riemsdyk 0 0 0 0 0 1 0 3 0 1 0/0 15:47 0:00 0:38
Tyler Johnson 0 0 0 0 0 3 2 0 2 0 1/1 14:01 1:49 1:09
Vladimir Tarasenko 0 0 0 0 0 1 2 0 0 0 0/0 12:46 2:12 0:00
3 Stars
1 - Jake Allen (PHI)
2 - Sonny Milano (PHI)
3 - Matt Roy (PHI)
Power Play
Colorado Rockies - 0 on 5 Attempt(s) - 0.00%
Philadelphia Flyers - 1 on 3 Attempt(s) - 33.33%
Penalty Kill
Colorado Rockies - 2 on 3 Attempt(s) - 66.67%
- Score 0 goal in Penalty Kill
Philadelphia Flyers - 5 on 5 Attempt(s) - 100.00%
- Score 0 goal in Penalty Kill
Team Stat
Colorado Rockies - Hits : 19 - Faceoff Wins : 28 - Blocked Shots : 11 - Penalty Minutes : 6
Philadelphia Flyers - Hits : 24 - Faceoff Wins : 33 - Blocked Shots : 18 - Penalty Minutes : 10
Official
Referees : Jordan Samuels and Morgan Macphee
Linesman : Derek Nansen and Trent Knorr
Game Notes
No Game Note
Finance
Level 1 -- Attendance: 5538 (92.30%) -- Ticket Income $503,958
Level 2 -- Attendance: 5000 (100.00%) -- Ticket Income $260,000
Level 3 -- Attendance: 2777 (92.57%) -- Ticket Income $77,756
Level 4 -- Attendance: 5000 (100.00%) -- Ticket Income $90,000
Luxury Box -- Attendance: 922 (92.20%) -- Ticket Income $175,180
Game was played at the Wells Fargo Center.
Total Attendance: 19237 (96.19%)
Total Ticket Income: $1,106,894
Other Income: $387,413
Total Income: $1,494,307
Colorado Rockies
5 vs 5 Forward
Center Left Wing Right Wing Time % Phy DF OF
1 Ryan O'Reilly Jesper Bratt Nikita Kucherov 30 1 2 2
2 Tim Stutzle Kyle Connor David Pastrnak 30 1 2 2
3 Nick Schmaltz Kyle Palmieri Michael Bunting 25 1 2 2
4 Evgeny Kuznetsov Nick Bonino Nick Schmaltz 15 1 2 2
5 vs 5 Defense
Defense Defense Time % Phy DF OF
1 Victor Hedman Quinn Hughes 30 1 2 2
2 Nikita Zadorov Martin Fehervary 30 1 2 2
3 Vince Dunn Mattias Norlinder 25 1 2 2
4 Victor Hedman Quinn Hughes 15 1 2 2
PowerPlay Forward
Center Left Wing Right Wing Time % Phy DF OF
1 Ryan O'Reilly Jesper Bratt Nikita Kucherov 50 1 2 2
2 Tim Stutzle Kyle Connor David Pastrnak 50 1 2 2
PowerPlay Defense
Defense Defense Time % Phy DF OF
1 Victor Hedman Quinn Hughes 50 1 2 2
2 Nikita Zadorov Martin Fehervary 50 1 2 2
Penalty Kill 4 Players Forward
Center Wing Time % Phy DF OF
1 Nikita Kucherov David Pastrnak 50 1 2 2
2 Ryan O'Reilly Jesper Bratt 50 1 2 2
Penalty Kill 4 Players Defense
Defense Defense Time % Phy DF OF
1 Victor Hedman Quinn Hughes 50 1 2 2
2 Nikita Zadorov Martin Fehervary 50 1 2 2
Penalty Kill - 3 Players Forward
Forward Time % Phy DF OF
1 Kyle Palmieri 50 1 2 2
2 Kevin Hayes 50 1 2 2
Penalty Kill - 3 Players Defense
Defense Defense Time % Phy DF OF
1 Victor Hedman Quinn Hughes 50 1 2 2
2 Nikita Zadorov Martin Fehervary 50 1 2 2
4 vs 4 Forward
Center Wing Time % Phy DF OF
1 Ryan O'Reilly David Pastrnak 50 1 2 2
2 Nick Bonino Jesper Bratt 50 1 2 2
4 vs 4 Defense
Defense Defense Time % Phy DF OF
1 Victor Hedman Quinn Hughes 50 1 2 2
2 Nikita Zadorov Martin Fehervary 50 1 2 2
Last Minutes Offensive
Center Left Wing Right Wing Defense Defense
Ryan O'Reilly Jesper Bratt Nikita Kucherov Victor Hedman Quinn Hughes
Last Minutes Defensive
Center Left Wing Right Wing Defense Defense
Ryan O'Reilly Jesper Bratt Nikita Kucherov Victor Hedman Quinn Hughes
Goaltenders
Starting : Joey Daccord
Backup : Daniil Tarasov
Extra Forwards
Normal : Evgeny Kuznetsov, Kevin Hayes, Kyle Palmieri - PP : Evgeny Kuznetsov, Kevin Hayes - PK : Kyle Palmieri
Extra Defensemen
Normal : Vince Dunn, Victor Hedman, Nikita Zadorov - PP : Vince Dunn - PK : Quinn Hughes, Nikita Zadorov
Penalty Shots
Nikita Kucherov, David Pastrnak, Ryan O'Reilly, Jesper Bratt, Tim Stutzle
Scratches
Andrew Peeke (Back Spasms Injury), Jakub Vrana (Healthy)
Philadelphia Flyers
5 vs 5 Forward
Center Left Wing Right Wing Time % Phy DF OF
1 Auston Matthews Bryan Rust Vladimir Tarasenko 25 0 3 2
2 Andrew Copp Matt Duchene Alexander Wennberg 25 0 3 2
3 Casey Cizikas Tyler Johnson Jack McBain 25 1 3 1
4 Radek Faksa Sean Kuraly Sonny Milano 25 1 3 1
5 vs 5 Defense
Defense Defense Time % Phy DF OF
1 Justin Faulk Jonas Brodin 35 1 3 1
2 Matt Roy Ben Chiarot 35 1 3 1
3 Connor Murphy Trevor van Riemsdyk 30 1 3 1
4 Justin Faulk Jonas Brodin 0 1 3 1
PowerPlay Forward
Center Left Wing Right Wing Time % Phy DF OF
1 Auston Matthews Bryan Rust Vladimir Tarasenko 50 0 1 4
2 Andrew Copp Matt Duchene Alexander Wennberg 50 0 1 4
PowerPlay Defense
Defense Defense Time % Phy DF OF
1 Justin Faulk Tyler Johnson 50 0 2 3
2 Jonas Brodin Jack McBain 50 0 2 3
Penalty Kill 4 Players Forward
Center Wing Time % Phy DF OF
1 Casey Cizikas Sean Kuraly 50 1 3 1
2 Radek Faksa Alexander Wennberg 50 1 3 1
Penalty Kill 4 Players Defense
Defense Defense Time % Phy DF OF
1 Justin Faulk Jonas Brodin 50 0 4 1
2 Matt Roy Connor Murphy 50 0 4 1
Penalty Kill - 3 Players Forward
Forward Time % Phy DF OF
1 Casey Cizikas 50 1 4 0
2 Radek Faksa 50 1 4 0
Penalty Kill - 3 Players Defense
Defense Defense Time % Phy DF OF
1 Justin Faulk Jonas Brodin 50 1 4 0
2 Matt Roy Connor Murphy 50 1 4 0
4 vs 4 Forward
Center Wing Time % Phy DF OF
1 Auston Matthews Bryan Rust 50 0 3 2
2 Andrew Copp Vladimir Tarasenko 50 0 3 2
4 vs 4 Defense
Defense Defense Time % Phy DF OF
1 Justin Faulk Jonas Brodin 50 0 3 2
2 Matt Roy Ben Chiarot 50 0 3 2
Last Minutes Offensive
Center Left Wing Right Wing Defense Defense
Auston Matthews Bryan Rust Vladimir Tarasenko Justin Faulk Jonas Brodin
Last Minutes Defensive
Center Left Wing Right Wing Defense Defense
Casey Cizikas Radek Faksa Alexander Wennberg Justin Faulk Jonas Brodin
Goaltenders
Starting : Jake Allen
Backup : Connor Ingram
Extra Forwards
Normal : Jack McBain, Casey Cizikas, Tyler Johnson - PP : Jack McBain, Casey Cizikas - PK : Tyler Johnson
Extra Defensemen
Normal : Connor Murphy, Trevor van Riemsdyk, Jonas Brodin - PP : Connor Murphy - PK : Trevor van Riemsdyk, Jonas Brodin
Penalty Shots
Auston Matthews, Matt Duchene, Bryan Rust, Vladimir Tarasenko, Alexander Wennberg
Scratches
Marcus Johansson (Healthy), Louis Crevier (Healthy), Matt Rempe (Healthy), Jesper Fast (Healthy), Daniil Misyul (Healthy)
% Time on Ice - Colorado Rockies
Lines # - Real PCT - Wanted PCT - Time Play
Normal Forward
1 - 27% - 30% - 12:25
2 - 35% - 30% - 16:00
3 - 25% - 25% - 11:15
4 - 14% - 15% - 6:12
Normal Defense
1 - 29% - 30% - 13:19
2 - 32% - 30% - 14:35
3 - 29% - 25% - 13:27
4 - 10% - 15% - 4:31
PP Forward
1 - 50% - 50% - 4:56
2 - 50% - 50% - 4:59
PP Defense
1 - 48% - 50% - 4:46
2 - 52% - 50% - 5:09
PK Forward
1 - 50% - 50% - 1:59
2 - 50% - 50% - 2:01
PK Defense
1 - 69% - 50% - 2:46
2 - 31% - 50% - 1:14
PK3 Forward
1 - 0% - 50%
2 - 0% - 50%
PK3 Defense
1 - 0% - 50%
2 - 0% - 50%
44 Forward
1 - 0% - 50%
2 - 0% - 50%
44 Defense
1 - 0% - 50%
2 - 0% - 50%
Last Minute Offensive - 0:13
Last Minute Defensive - 0:00
Total
Forward - 60:00
Defense - 60:00
|
% Time on Ice - Philadelphia Flyers
Lines # - Real PCT - Wanted PCT - Time Play
Normal Forward
1 - 24% - 25% - 10:41
2 - 23% - 25% - 10:07
3 - 23% - 25% - 10:25
4 - 31% - 25% - 13:43
Normal Defense
1 - 34% - 35% - 15:07
2 - 33% - 35% - 14:40
3 - 34% - 30% - 15:09
4 - 0% - 0% - 0:00
PP Forward
1 - 55% - 50% - 2:12
2 - 45% - 50% - 1:48
PP Defense
1 - 45% - 50% - 1:49
2 - 55% - 50% - 2:11
PK Forward
1 - 50% - 50% - 4:56
2 - 50% - 50% - 4:59
PK Defense
1 - 51% - 50% - 5:03
2 - 49% - 50% - 4:52
PK3 Forward
1 - 0% - 50%
2 - 0% - 50%
PK3 Defense
1 - 0% - 50%
2 - 0% - 50%
44 Forward
1 - 0% - 50%
2 - 0% - 50%
44 Defense
1 - 0% - 50%
2 - 0% - 50%
Last Minute Offensive - 0:00
Last Minute Defensive - 1:09
Total
Forward - 60:00
Defense - 60:00
|
Play-by-Play
1st period
0:01 of 1st period - Ryan O'Reilly wins face-off versus Auston Matthews in neutral zone.
0:46 of 1st period - Snap shot by Nick Schmaltz.
0:46 of 1st period - Stopped by Jake Allen without a rebound.
0:47 of 1st period - Casey Cizikas wins face-off versus Nick Schmaltz in Philadelphia Flyers zone.
1:01 of 1st period - Slapshot by Nikita Zadorov.
1:01 of 1st period - Stopped by Jake Allen without a rebound.
1:02 of 1st period - Evgeny Kuznetsov wins face-off versus Sean Kuraly in Philadelphia Flyers zone.
1:13 of 1st period - Wrist shot by Evgeny Kuznetsov.
1:13 of 1st period - Stopped by Jake Allen with a rebound.
1:23 of 1st period - Minor Penalty to Evgeny Kuznetsov for Roughing.
1:24 of 1st period - Nikita Kucherov wins face-off versus Bryan Rust in Colorado Rockies zone.
1:24 of 1st period - Nikita Kucherov is hit by Vladimir Tarasenko.
2:10 of 1st period - Slapshot by Tyler Johnson.
2:10 of 1st period - Deflect By Nikita Kucherov.
2:10 of 1st period - Stopped by Joey Daccord with a rebound.
3:04 of 1st period - Martin Fehervary is hit by Jack McBain and loses puck.
3:23 of 1st period - Penalty to Evgeny Kuznetsov is over, Evgeny Kuznetsov is back on ice.
3:36 of 1st period - Wrist shot by Nick Schmaltz.
3:36 of 1st period - Stopped by Jake Allen without a rebound.
3:37 of 1st period - Radek Faksa wins face-off versus Nick Schmaltz in Philadelphia Flyers zone.
3:58 of 1st period - Minor Penalty to Ben Chiarot for High sticking.
3:59 of 1st period - Ryan O'Reilly wins face-off versus Casey Cizikas in Philadelphia Flyers zone.
4:10 of 1st period - Slapshot by Nikita Kucherov.
4:10 of 1st period - Shot Blocked by Jonas Brodin.
4:12 of 1st period - Slapshot by Victor Hedman.
4:12 of 1st period - Stopped by Jake Allen without a rebound.
4:13 of 1st period - Radek Faksa wins face-off versus Tim Stutzle in Philadelphia Flyers zone.
4:40 of 1st period - Nikita Kucherov is hit by Connor Murphy and loses puck.
4:47 of 1st period - Slapshot by Martin Fehervary.
4:47 of 1st period - Stopped by Jake Allen with a rebound.
4:51 of 1st period - Snap shot by Jesper Bratt.
4:51 of 1st period - Shot Blocked by Alexander Wennberg.
5:03 of 1st period - Victor Hedman is hit by Matt Roy and loses puck.
5:58 of 1st period - Penalty to Ben Chiarot is over, Ben Chiarot is back on ice.
6:17 of 1st period - Snap shot by Auston Matthews.
6:17 of 1st period - Shot Misses the Net.
6:19 of 1st period - Snap shot by Auston Matthews.
6:19 of 1st period - Stopped by Joey Daccord without a rebound.
6:20 of 1st period - Nick Bonino wins face-off versus Casey Cizikas in Colorado Rockies zone.
6:20 of 1st period - Nick Bonino is hit by Tyler Johnson.
6:26 of 1st period - Wrist shot by Nick Schmaltz.
6:26 of 1st period - Stopped by Jake Allen with a rebound.
6:28 of 1st period - Snap shot by Nick Bonino.
6:28 of 1st period - Stopped by Jake Allen without a rebound.
6:29 of 1st period - Evgeny Kuznetsov wins face-off versus Casey Cizikas in Philadelphia Flyers zone.
7:04 of 1st period - Evgeny Kuznetsov is hit by Casey Cizikas and loses puck.
8:03 of 1st period - Off-side.
8:04 of 1st period - Ryan O'Reilly wins face-off versus Andrew Copp in neutral zone.
8:10 of 1st period - Minor Penalty to Matt Duchene for Interference.
8:11 of 1st period - Radek Faksa wins face-off versus Ryan O'Reilly in Philadelphia Flyers zone.
9:08 of 1st period - Jesper Bratt is hit by Matt Roy and loses puck.
10:10 of 1st period - Penalty to Matt Duchene is over, Matt Duchene is back on ice.
10:44 of 1st period - Snap shot by Tyler Johnson.
10:44 of 1st period - Shot Blocked by Vince Dunn.
10:56 of 1st period - Matt Roy is hit by Mattias Norlinder and loses puck.
11:15 of 1st period - Snap shot by Evgeny Kuznetsov.
11:15 of 1st period - Shot Misses the Net.
11:17 of 1st period - Snap shot by Kevin Hayes.
11:17 of 1st period - Shot Misses the Net.
11:19 of 1st period - Slapshot by Martin Fehervary.
11:19 of 1st period - Shot Blocked by Alexander Wennberg.
11:21 of 1st period - Slapshot by Martin Fehervary.
11:21 of 1st period - Shot Blocked by Matt Roy.
11:23 of 1st period - Wrist shot by Nikita Zadorov.
11:23 of 1st period - Stopped by Jake Allen without a rebound.
11:24 of 1st period - Radek Faksa wins face-off versus Tim Stutzle in Philadelphia Flyers zone.
11:47 of 1st period - Trevor van Riemsdyk is hit by Nikita Zadorov and loses puck.
12:04 of 1st period - Wrist shot by Sean Kuraly.
12:04 of 1st period - Stopped by Joey Daccord without a rebound.
12:05 of 1st period - Auston Matthews wins face-off versus Ryan O'Reilly in Colorado Rockies zone.
12:14 of 1st period - Snap shot by Bryan Rust.
12:14 of 1st period - Shot Blocked by Victor Hedman.
12:19 of 1st period - Off-side.
12:20 of 1st period - Ryan O'Reilly wins face-off versus Andrew Copp in neutral zone.
12:31 of 1st period - Snap shot by Nikita Kucherov.
12:31 of 1st period - Stopped by Jake Allen with a rebound.
12:33 of 1st period - Slapshot by Victor Hedman.
12:33 of 1st period - Stopped by Jake Allen with a rebound.
12:45 of 1st period - Quinn Hughes is hit by Bryan Rust and loses puck.
13:29 of 1st period - Snap shot by Casey Cizikas.
13:29 of 1st period - Deflect By Tyler Johnson.
13:29 of 1st period - Shot Misses the Net.
13:29 of 1st period - Puck is out of play.
13:30 of 1st period - Casey Cizikas wins face-off versus Jesper Bratt in Colorado Rockies zone.
13:31 of 1st period - Snap shot by Tyler Johnson.
13:31 of 1st period - Shot Hit the Post.
13:33 of 1st period - Slapshot by Ben Chiarot.
13:33 of 1st period - Deflect By Casey Cizikas.
13:33 of 1st period - Stopped by Joey Daccord with a rebound.
13:35 of 1st period - Slapshot by Ben Chiarot.
13:35 of 1st period - Shot Blocked by Nikita Kucherov.
13:37 of 1st period - Slapshot by Jack McBain.
13:37 of 1st period - Stopped by Joey Daccord without a rebound.
13:38 of 1st period - Ryan O'Reilly wins face-off versus Andrew Copp in Colorado Rockies zone.
15:12 of 1st period - Wrist shot by Tim Stutzle.
15:12 of 1st period - Stopped by Jake Allen with a rebound.
15:14 of 1st period - Slapshot by Vince Dunn.
15:14 of 1st period - Deflect By Kyle Connor.
15:14 of 1st period - Shot Blocked by Jonas Brodin.
15:14 of 1st period - Puck is out of play.
15:15 of 1st period - Auston Matthews wins face-off versus Tim Stutzle in Philadelphia Flyers zone.
15:17 of 1st period - Minor Penalty to Auston Matthews for Delaying the game.
15:18 of 1st period - Casey Cizikas wins face-off versus Tim Stutzle in Philadelphia Flyers zone.
15:32 of 1st period - Wrist shot by David Pastrnak.
15:32 of 1st period - Stopped by Jake Allen with a rebound.
15:44 of 1st period - Sean Kuraly is hit by Martin Fehervary.
16:24 of 1st period - Sean Kuraly is hit by Ryan O'Reilly and loses puck.
17:17 of 1st period - Penalty to Auston Matthews is over, Auston Matthews is back on ice.
17:35 of 1st period - Backhand shot by Tyler Johnson.
17:35 of 1st period - Stopped by Joey Daccord without a rebound.
17:36 of 1st period - Auston Matthews wins face-off versus Evgeny Kuznetsov in Colorado Rockies zone.
17:49 of 1st period - Wrist shot by Vladimir Tarasenko.
17:49 of 1st period - Shot Blocked by Quinn Hughes.
17:51 of 1st period - Slapshot by Vladimir Tarasenko.
17:51 of 1st period - Stopped by Joey Daccord with a rebound.
18:06 of 1st period - Wrist shot by Nikita Kucherov.
18:06 of 1st period - Goal by Nikita Kucherov - Colorado Rockies : 1 - Philadelphia Flyers : 0.
18:07 of 1st period - Radek Faksa wins face-off versus Ryan O'Reilly in neutral zone.
18:17 of 1st period - Minor Penalty to Justin Faulk for Delaying the game.
18:18 of 1st period - Ryan O'Reilly wins face-off versus Casey Cizikas in Philadelphia Flyers zone.
19:38 of 1st period - Icing by Martin Fehervary.
19:39 of 1st period - Casey Cizikas wins face-off versus Tim Stutzle in Colorado Rockies zone.
Goals for this period are 1 for Colorado Rockies vs 0 for Philadelphia Flyers.
Shots for this period are 14 for Colorado Rockies vs 7 for Philadelphia Flyers.
2nd period
0:01 of 2nd period - Tim Stutzle wins face-off versus Casey Cizikas in neutral zone.
0:06 of 2nd period - Snap shot by David Pastrnak.
0:06 of 2nd period - Stopped by Jake Allen with a rebound.
0:08 of 2nd period - Wrist shot by David Pastrnak.
0:08 of 2nd period - Stopped by Jake Allen without a rebound.
0:09 of 2nd period - Tim Stutzle wins face-off versus Casey Cizikas in Philadelphia Flyers zone.
0:17 of 2nd period - Penalty to Justin Faulk is over, Justin Faulk is back on ice.
0:17 of 2nd period - Snap shot by Tim Stutzle.
0:17 of 2nd period - Shot Blocked by Casey Cizikas.
0:19 of 2nd period - Snap shot by Tim Stutzle.
0:19 of 2nd period - Stopped by Jake Allen without a rebound.
0:20 of 2nd period - Auston Matthews wins face-off versus Tim Stutzle in Philadelphia Flyers zone.
1:35 of 2nd period - Slapshot by Nick Schmaltz.
1:35 of 2nd period - Shot Blocked by Sonny Milano.
2:09 of 2nd period - Wrist shot by Nikita Kucherov.
2:09 of 2nd period - Stopped by Jake Allen with a rebound.
2:11 of 2nd period - Wrist shot by Jesper Bratt.
2:11 of 2nd period - Deflect By Ryan O'Reilly.
2:11 of 2nd period - Shot Misses the Net.
2:11 of 2nd period - Puck is out of play.
2:12 of 2nd period - Jack McBain wins face-off versus Ryan O'Reilly in Philadelphia Flyers zone.
2:35 of 2nd period - Snap shot by Kyle Palmieri.
2:35 of 2nd period - Stopped by Jake Allen with a rebound.
3:03 of 2nd period - Slapshot by David Pastrnak.
3:03 of 2nd period - Goal by David Pastrnak - Colorado Rockies : 2 - Philadelphia Flyers : 0.
3:04 of 2nd period - Radek Faksa wins face-off versus Jesper Bratt in neutral zone.
3:31 of 2nd period - Tim Stutzle is hit by Auston Matthews and loses puck.
4:02 of 2nd period - Wrist shot by Nick Schmaltz.
4:02 of 2nd period - Stopped by Jake Allen with a rebound.
5:00 of 2nd period - Wrist shot by Auston Matthews.
5:00 of 2nd period - Shot Misses the Net.
5:02 of 2nd period - Backhand shot by Connor Murphy.
5:02 of 2nd period - Shot Blocked by Vince Dunn.
5:04 of 2nd period - Slapshot by Trevor van Riemsdyk.
5:04 of 2nd period - Stopped by Joey Daccord without a rebound.
5:05 of 2nd period - Tim Stutzle wins face-off versus Andrew Copp in Colorado Rockies zone.
5:10 of 2nd period - Justin Faulk is hit by David Pastrnak and loses puck.
5:19 of 2nd period - Wrist shot by Kyle Connor.
5:19 of 2nd period - Deflect By Tim Stutzle.
5:19 of 2nd period - Stopped by Jake Allen with a rebound.
5:56 of 2nd period - Justin Faulk is hit by Michael Bunting and loses puck.
6:35 of 2nd period - Victor Hedman is hit by Alexander Wennberg.
6:55 of 2nd period - Wrist shot by Alexander Wennberg.
6:55 of 2nd period - Shot Misses the Net.
6:57 of 2nd period - Snap shot by Casey Cizikas.
6:57 of 2nd period - Shot Misses the Net.
6:59 of 2nd period - Snap shot by Jack McBain.
6:59 of 2nd period - Stopped by Joey Daccord with a rebound.
7:01 of 2nd period - Wrist shot by Tyler Johnson.
7:01 of 2nd period - Shot Hit the Post.
7:15 of 2nd period - Snap shot by Auston Matthews.
7:15 of 2nd period - Shot Misses the Net.
7:48 of 2nd period - Nikita Kucherov is hit by Sean Kuraly.
8:17 of 2nd period - Nick Schmaltz is hit by Casey Cizikas and loses puck.
8:40 of 2nd period - Snap shot by Kyle Palmieri.
8:40 of 2nd period - Stopped by Jake Allen without a rebound.
8:41 of 2nd period - Tim Stutzle wins face-off versus Radek Faksa in Philadelphia Flyers zone.
8:52 of 2nd period - Slapshot by Sonny Milano.
8:52 of 2nd period - Goal by Sonny Milano - Colorado Rockies : 2 - Philadelphia Flyers : 1.
8:53 of 2nd period - Ryan O'Reilly wins face-off versus Casey Cizikas in neutral zone.
9:15 of 2nd period - Minor Penalty to Victor Hedman for High sticking.
9:16 of 2nd period - Nikita Kucherov wins face-off versus Matt Duchene in Colorado Rockies zone.
11:15 of 2nd period - Penalty to Victor Hedman is over, Victor Hedman is back on ice.
11:31 of 2nd period - Evgeny Kuznetsov is hit by Sean Kuraly and loses puck.
12:56 of 2nd period - David Pastrnak is hit by Alexander Wennberg and loses puck.
13:19 of 2nd period - Ryan O'Reilly is hit by Connor Murphy and loses puck.
13:36 of 2nd period - Tyler Johnson is hit by Kevin Hayes and loses puck.
13:45 of 2nd period - Wrist shot by Nick Bonino.
13:45 of 2nd period - Stopped by Jake Allen with a rebound.
14:05 of 2nd period - Wrist shot by Bryan Rust.
14:05 of 2nd period - Shot Misses the Net.
14:27 of 2nd period - Matt Roy is hit by Tim Stutzle and loses puck.
14:32 of 2nd period - Snap shot by Tim Stutzle.
14:32 of 2nd period - Stopped by Jake Allen with a rebound.
14:48 of 2nd period - Vince Dunn is hit by Matt Roy and loses puck.
15:16 of 2nd period - David Pastrnak is hit by Auston Matthews and loses puck.
15:37 of 2nd period - Jesper Bratt is hit by Vladimir Tarasenko and loses puck.
16:12 of 2nd period - Nick Bonino is hit by Sean Kuraly and loses puck.
16:37 of 2nd period - Slapshot by Victor Hedman.
16:37 of 2nd period - Shot Blocked by Trevor van Riemsdyk.
18:05 of 2nd period - Snap shot by Radek Faksa.
18:05 of 2nd period - Shot Misses the Net.
18:07 of 2nd period - Wrist shot by Radek Faksa.
18:07 of 2nd period - Shot Blocked by Jesper Bratt.
18:37 of 2nd period - Snap shot by Evgeny Kuznetsov.
18:37 of 2nd period - Stopped by Jake Allen with a rebound.
18:39 of 2nd period - Slapshot by Mattias Norlinder.
18:39 of 2nd period - Shot Misses the Net.
18:41 of 2nd period - Slapshot by Vince Dunn.
18:41 of 2nd period - Stopped by Jake Allen with a rebound.
18:59 of 2nd period - Snap shot by Casey Cizikas.
18:59 of 2nd period - Shot Blocked by Mattias Norlinder.
19:01 of 2nd period - Slapshot by Justin Faulk.
19:01 of 2nd period - Stopped by Joey Daccord without a rebound.
19:02 of 2nd period - Auston Matthews wins face-off versus Nikita Kucherov in Colorado Rockies zone.
19:05 of 2nd period - Slapshot by Vladimir Tarasenko.
19:05 of 2nd period - Shot Misses the Net.
19:15 of 2nd period - Wrist shot by Bryan Rust.
19:15 of 2nd period - Shot Misses the Net.
Goals for this period are 1 for Colorado Rockies vs 1 for Philadelphia Flyers.
Shots for this period are 13 for Colorado Rockies vs 4 for Philadelphia Flyers.
3rd period
0:01 of 3rd period - Ryan O'Reilly wins face-off versus Radek Faksa in neutral zone.
0:04 of 3rd period - Wrist shot by Ryan O'Reilly.
0:04 of 3rd period - Stopped by Jake Allen without a rebound.
0:05 of 3rd period - Radek Faksa wins face-off versus Ryan O'Reilly in Philadelphia Flyers zone.
0:05 of 3rd period - Radek Faksa is hit by Jesper Bratt.
0:11 of 3rd period - Martin Fehervary is hit by Sean Kuraly and loses puck.
0:32 of 3rd period - Snap shot by Jesper Bratt.
0:32 of 3rd period - Shot Blocked by Justin Faulk.
0:34 of 3rd period - Wrist shot by Jesper Bratt.
0:34 of 3rd period - Stopped by Jake Allen with a rebound.
0:36 of 3rd period - Wrist shot by Nikita Kucherov.
0:36 of 3rd period - Stopped by Jake Allen with a rebound.
0:39 of 3rd period - Minor Penalty to Ryan O'Reilly for Cross-checking.
0:40 of 3rd period - Andrew Copp wins face-off versus Nikita Kucherov in Colorado Rockies zone.
0:41 of 3rd period - Wrist shot by Matt Duchene.
0:41 of 3rd period - Goal by Matt Duchene - Colorado Rockies : 2 - Philadelphia Flyers : 2.
0:42 of 3rd period - Casey Cizikas wins face-off versus Tim Stutzle in neutral zone.
0:47 of 3rd period - Backhand shot by Jack McBain.
0:47 of 3rd period - Stopped by Joey Daccord with a rebound.
0:49 of 3rd period - Slapshot by Ben Chiarot.
0:49 of 3rd period - Deflect By Tyler Johnson.
0:49 of 3rd period - Shot Misses the Net.
0:49 of 3rd period - Puck is out of play.
0:50 of 3rd period - Tim Stutzle wins face-off versus Casey Cizikas in Colorado Rockies zone.
0:57 of 3rd period - Snap shot by Kyle Connor.
0:57 of 3rd period - Deflect By David Pastrnak.
0:57 of 3rd period - Shot Misses the Net.
0:57 of 3rd period - Puck is out of play.
0:58 of 3rd period - Auston Matthews wins face-off versus Tim Stutzle in Philadelphia Flyers zone.
1:02 of 3rd period - Off-side.
1:03 of 3rd period - David Pastrnak wins face-off versus Auston Matthews in neutral zone.
1:06 of 3rd period - Bryan Rust is hit by Kyle Connor and loses puck.
1:29 of 3rd period - Slapshot by Ben Chiarot.
1:29 of 3rd period - Stopped by Joey Daccord without a rebound.
1:30 of 3rd period - Ryan O'Reilly wins face-off versus Radek Faksa in Colorado Rockies zone.
1:53 of 3rd period - Icing by Quinn Hughes.
1:54 of 3rd period - Ryan O'Reilly wins face-off versus Casey Cizikas in Colorado Rockies zone.
2:07 of 3rd period - Slapshot by Ben Chiarot.
2:07 of 3rd period - Stopped by Joey Daccord with a rebound.
2:23 of 3rd period - Matt Roy is hit by Quinn Hughes and loses puck.
2:49 of 3rd period - Auston Matthews is hit by Martin Fehervary and loses puck.
3:06 of 3rd period - Wrist shot by Radek Faksa.
3:06 of 3rd period - Shot Blocked by Evgeny Kuznetsov.
3:08 of 3rd period - Wrist shot by Sean Kuraly.
3:08 of 3rd period - Goal by Sean Kuraly - Colorado Rockies : 2 - Philadelphia Flyers : 3.
3:09 of 3rd period - Casey Cizikas wins face-off versus Tim Stutzle in neutral zone.
3:34 of 3rd period - Justin Faulk is hit by Ryan O'Reilly and loses puck.
4:08 of 3rd period - Snap shot by Bryan Rust.
4:08 of 3rd period - Stopped by Joey Daccord with a rebound.
4:10 of 3rd period - Slapshot by Trevor van Riemsdyk.
4:10 of 3rd period - Shot Blocked by Nikita Zadorov.
4:26 of 3rd period - Slapshot by Kyle Palmieri.
4:26 of 3rd period - Shot Misses the Net.
4:28 of 3rd period - Snap shot by Martin Fehervary.
4:28 of 3rd period - Deflect By Michael Bunting.
4:28 of 3rd period - Shot Blocked by Ben Chiarot.
4:28 of 3rd period - Puck is out of play.
4:29 of 3rd period - Tim Stutzle wins face-off versus Andrew Copp in Philadelphia Flyers zone.
4:34 of 3rd period - Snap shot by David Pastrnak.
4:34 of 3rd period - Stopped by Jake Allen without a rebound.
4:35 of 3rd period - Tim Stutzle wins face-off versus Andrew Copp in Philadelphia Flyers zone.
5:07 of 3rd period - Snap shot by Jesper Bratt.
5:07 of 3rd period - Shot Misses the Net.
5:09 of 3rd period - Slapshot by Jesper Bratt.
5:09 of 3rd period - Shot Blocked by Justin Faulk.
5:11 of 3rd period - Slapshot by Vince Dunn.
5:11 of 3rd period - Shot Misses the Net.
5:37 of 3rd period - Icing by Justin Faulk.
5:38 of 3rd period - Radek Faksa wins face-off versus Tim Stutzle in Philadelphia Flyers zone.
6:13 of 3rd period - Off-side.
6:14 of 3rd period - Andrew Copp wins face-off versus Tim Stutzle in neutral zone.
6:39 of 3rd period - Victor Hedman is hit by Tyler Johnson and loses puck.
6:46 of 3rd period - Snap shot by David Pastrnak.
6:46 of 3rd period - Stopped by Jake Allen without a rebound.
6:47 of 3rd period - Ryan O'Reilly wins face-off versus Radek Faksa in Philadelphia Flyers zone.
6:59 of 3rd period - Minor Penalty to Sean Kuraly for Tripping.
7:00 of 3rd period - Jesper Bratt wins face-off versus Casey Cizikas in Philadelphia Flyers zone.
7:46 of 3rd period - Wrist shot by Radek Faksa.
7:46 of 3rd period - Stopped by Joey Daccord without a rebound.
7:47 of 3rd period - Ryan O'Reilly wins face-off versus Radek Faksa in Colorado Rockies zone.
7:47 of 3rd period - Ryan O'Reilly is hit by Radek Faksa.
7:57 of 3rd period - Wrist shot by Ryan O'Reilly.
7:57 of 3rd period - Stopped by Jake Allen with a rebound.
7:59 of 3rd period - Slapshot by Jesper Bratt.
7:59 of 3rd period - Deflect By Alexander Wennberg.
7:59 of 3rd period - Shot Misses the Net.
7:59 of 3rd period - Puck is out of play.
8:00 of 3rd period - Casey Cizikas wins face-off versus Ryan O'Reilly in Philadelphia Flyers zone.
8:00 of 3rd period - Casey Cizikas is hit by Nikita Kucherov.
8:35 of 3rd period - Snap shot by Tim Stutzle.
8:35 of 3rd period - Shot Blocked by Justin Faulk.
8:59 of 3rd period - Penalty to Sean Kuraly is over, Sean Kuraly is back on ice.
9:09 of 3rd period - Wrist shot by Quinn Hughes.
9:09 of 3rd period - Shot Misses the Net.
9:19 of 3rd period - Kyle Palmieri is hit by Connor Murphy.
9:29 of 3rd period - Snap shot by Nick Schmaltz.
9:29 of 3rd period - Stopped by Jake Allen without a rebound.
9:30 of 3rd period - Andrew Copp wins face-off versus Evgeny Kuznetsov in Philadelphia Flyers zone.
9:35 of 3rd period - Slapshot by Jonas Brodin.
9:35 of 3rd period - Stopped by Joey Daccord with a rebound.
9:37 of 3rd period - Slapshot by Matt Duchene.
9:37 of 3rd period - Shot Misses the Net.
9:39 of 3rd period - Snap shot by Alexander Wennberg.
9:39 of 3rd period - Shot Misses the Net.
10:22 of 3rd period - Snap shot by Tyler Johnson.
10:22 of 3rd period - Stopped by Joey Daccord with a rebound.
10:24 of 3rd period - Slapshot by Jonas Brodin.
10:24 of 3rd period - Stopped by Joey Daccord without a rebound.
10:25 of 3rd period - Auston Matthews wins face-off versus Ryan O'Reilly in Colorado Rockies zone.
10:52 of 3rd period - Tyler Johnson is hit by Tim Stutzle and loses puck.
11:17 of 3rd period - Wrist shot by Sonny Milano.
11:17 of 3rd period - Stopped by Joey Daccord with a rebound.
11:19 of 3rd period - Wrist shot by Sean Kuraly.
11:19 of 3rd period - Shot Blocked by Kyle Palmieri.
11:21 of 3rd period - Wrist shot by Justin Faulk.
11:21 of 3rd period - Stopped by Joey Daccord without a rebound.
11:22 of 3rd period - Andrew Copp wins face-off versus Tim Stutzle in Colorado Rockies zone.
11:25 of 3rd period - Snap shot by Matt Duchene.
11:25 of 3rd period - Shot Misses the Net.
11:31 of 3rd period - Slapshot by Andrew Copp.
11:31 of 3rd period - Deflect By Matt Duchene.
11:31 of 3rd period - Stopped by Joey Daccord with a rebound.
11:33 of 3rd period - Backhand shot by Andrew Copp.
11:33 of 3rd period - Stopped by Joey Daccord without a rebound.
11:34 of 3rd period - Ryan O'Reilly wins face-off versus Auston Matthews in Colorado Rockies zone.
12:23 of 3rd period - Sean Kuraly is hit by Kyle Palmieri and loses puck.
12:34 of 3rd period - Ben Chiarot is hit by Michael Bunting and loses puck.
12:49 of 3rd period - Snap shot by Kyle Palmieri.
12:49 of 3rd period - Shot Blocked by Andrew Copp.
12:51 of 3rd period - Snap shot by Ryan O'Reilly.
12:51 of 3rd period - Stopped by Jake Allen with a rebound.
12:55 of 3rd period - Slapshot by Nikita Kucherov.
12:55 of 3rd period - Shot Misses the Net.
12:57 of 3rd period - Wrist shot by Jesper Bratt.
12:57 of 3rd period - Stopped by Jake Allen without a rebound.
12:58 of 3rd period - Casey Cizikas wins face-off versus Kyle Connor in Philadelphia Flyers zone.
13:25 of 3rd period - Jonas Brodin is hit by Ryan O'Reilly.
13:46 of 3rd period - Nick Schmaltz is hit by Bryan Rust and loses puck.
14:10 of 3rd period - Off-side.
14:11 of 3rd period - Radek Faksa wins face-off versus Tim Stutzle in neutral zone.
14:28 of 3rd period - Snap shot by Kyle Connor.
14:28 of 3rd period - Stopped by Jake Allen with a rebound.
14:30 of 3rd period - Snap shot by David Pastrnak.
14:30 of 3rd period - Shot Misses the Net.
14:50 of 3rd period - Wrist shot by Sonny Milano.
14:50 of 3rd period - Stopped by Joey Daccord with a rebound.
14:58 of 3rd period - Trevor van Riemsdyk is hit by David Pastrnak and loses puck.
15:13 of 3rd period - Snap shot by David Pastrnak.
15:13 of 3rd period - Shot Blocked by Connor Murphy.
15:15 of 3rd period - Snap shot by Vince Dunn.
15:15 of 3rd period - Stopped by Jake Allen with a rebound.
15:35 of 3rd period - Snap shot by Radek Faksa.
15:35 of 3rd period - Shot Blocked by Mattias Norlinder.
15:57 of 3rd period - Wrist shot by Tim Stutzle.
15:57 of 3rd period - Stopped by Jake Allen with a rebound.
16:33 of 3rd period - Snap shot by Tim Stutzle.
16:33 of 3rd period - Stopped by Jake Allen with a rebound.
16:35 of 3rd period - Wrist shot by Vince Dunn.
16:35 of 3rd period - Stopped by Jake Allen with a rebound.
16:41 of 3rd period - Snap shot by David Pastrnak.
16:41 of 3rd period - Shot Misses the Net.
16:43 of 3rd period - Slapshot by Vince Dunn.
16:43 of 3rd period - Shot Misses the Net.
16:45 of 3rd period - Slapshot by Vince Dunn.
16:45 of 3rd period - Shot Blocked by Trevor van Riemsdyk.
16:47 of 3rd period - Wrist shot by Kyle Connor.
16:47 of 3rd period - Stopped by Jake Allen with a rebound.
17:07 of 3rd period - Wrist shot by Tim Stutzle.
17:07 of 3rd period - Shot Misses the Net.
17:09 of 3rd period - Snap shot by Mattias Norlinder.
17:09 of 3rd period - Stopped by Jake Allen with a rebound.
17:11 of 3rd period - Snap shot by David Pastrnak.
17:11 of 3rd period - Deflect By Kyle Connor.
17:11 of 3rd period - Stopped by Jake Allen with a rebound.
17:13 of 3rd period - Slapshot by Mattias Norlinder.
17:13 of 3rd period - Shot Misses the Net.
17:23 of 3rd period - Snap shot by Tim Stutzle.
17:23 of 3rd period - Shot Blocked by Trevor van Riemsdyk.
17:25 of 3rd period - Snap shot by Tim Stutzle.
17:25 of 3rd period - Deflect By Sonny Milano.
17:25 of 3rd period - Stopped by Jake Allen with a rebound.
17:37 of 3rd period - Slapshot by Tim Stutzle.
17:37 of 3rd period - Shot Misses the Net.
17:39 of 3rd period - Slapshot by Vince Dunn.
17:39 of 3rd period - Stopped by Jake Allen with a rebound.
17:53 of 3rd period - Snap shot by Kyle Connor.
17:53 of 3rd period - Shot Blocked by Sean Kuraly.
17:55 of 3rd period - Snap shot by Tim Stutzle.
17:55 of 3rd period - Stopped by Jake Allen without a rebound.
17:56 of 3rd period - Tyler Johnson wins face-off versus Kyle Palmieri in Philadelphia Flyers zone.
18:12 of 3rd period - Wrist shot by Michael Bunting.
18:12 of 3rd period - Shot Blocked by Matt Roy.
18:29 of 3rd period - Slapshot by Auston Matthews.
18:29 of 3rd period - Stopped by Joey Daccord without a rebound.
18:30 of 3rd period - Auston Matthews wins face-off versus Kyle Palmieri in Colorado Rockies zone.
18:54 of 3rd period - Icing by Michael Bunting.
18:55 of 3rd period - Casey Cizikas wins face-off versus Nick Schmaltz in Colorado Rockies zone.
19:01 of 3rd period - Icing by Martin Fehervary.
19:02 of 3rd period - Casey Cizikas wins face-off versus Nick Schmaltz in Colorado Rockies zone.
19:05 of 3rd period - Snap shot by Justin Faulk.
19:05 of 3rd period - Stopped by Joey Daccord with a rebound.
19:11 of 3rd period - Colorado Rockies, Joey Daccord is pulled from the net.
19:42 of 3rd period - Snap shot by Kyle Palmieri.
19:42 of 3rd period - Stopped by Jake Allen with a rebound.
19:44 of 3rd period - Snap shot by Michael Bunting.
19:44 of 3rd period - Stopped by Jake Allen with a rebound.
19:46 of 3rd period - Snap shot by Martin Fehervary.
19:46 of 3rd period - Deflect By Alexander Wennberg.
19:46 of 3rd period - Stopped by Jake Allen without a rebound.
19:47 of 3rd period - Bruce Cassidy call a timeout for Colorado Rockies.
19:47 of 3rd period - Ryan O'Reilly wins face-off versus Casey Cizikas in Philadelphia Flyers zone.
19:52 of 3rd period - Snap shot by Jesper Bratt.
19:52 of 3rd period - Stopped by Jake Allen with a rebound.
Goals for this period are 0 for Colorado Rockies vs 2 for Philadelphia Flyers.
Shots for this period are 24 for Colorado Rockies vs 17 for Philadelphia Flyers.
Back to the Top